 Dungeon Crawl Stone Soup version 0.23.0 (webtiles) character file.

Game seed: 310970824734808960

27738 Laan the Gelid (level 13, -3/90 HPs)
             Began as a Barachi Ice Elementalist on Feb 15, 2019.
             Was a High Priest of Vehumet.
             Slain by an unseen horror (10 damage)
             ... on level 12 of the Dungeon.
             The game lasted 01:25:55 (26541 turns).

Laan the Gelid (Barachi Ice Elementalist)          Turns: 26541, Time: 01:25:55

Health: -3/90      AC:  8    Str: 10    XL:     13   Next: 34%
Magic:  17/28      EV: 10    Int: 29    God:    Vehumet [*****.]
Gold:   1044       SH:  4    Dex: 16    Spells: 23/34 levels left

rFire    . . .     SeeInvis .   y - +3 short sword (venom)
rCold    . . .     Gourm    .   O - +0 buckler
rNeg     . . .     Faith    .   G - +0 leather armour of Iphogach {Int+6} (curse)
rPois    .         Spirit   .   p - +1 helmet {Int+3}
rElec    .         Reflect  .   f - scarf {cloud immunity}
rCorr    .         Harm     .   o - +0 pair of gloves
MR       .....                  q - +1 pair of boots {run}
Stlth    ++........             Q - amulet of magic regeneration
HPRegen  0.25/turn              E - +3 ring of dexterity
MPRegen  0.46/turn              H - ring of stealth

@: heavily drained
A: +LOS, swims, slowness 1, strong legs 2
a: Hop, Renounce Religion


You were on level 12 of the Dungeon.
You worshipped Vehumet.
Vehumet was extremely pleased with you.
You were hungry.

You visited 3 branches of the dungeon, and saw 19 of its levels.

You collected 1291 gold pieces.
You spent 247 gold pieces at shops.

Inventory:

Hand Weapons
 n - a +0 dagger of flaming
 v - the +9 falchion of Pandemonium {freeze, rElec MR+++ Int-5 SInv}
   (You found it on level 6 of the Dungeon)

   It has been specially enchanted to freeze those struck by it, causing extra
   injury to most foes and up to half again as much damage against particularly
   susceptible opponents.
   It can also slow down cold-blooded creatures.
   It affects your intelligence (-5).
   It insulates you from electricity.
   It affects your resistance to hostile enchantments.
   It lets you see invisible.
 y - a +3 short sword of venom (weapon)
Armour
 f - a scarf of cloud immunity (worn)
 k - the +0 helmet "Mosakot" {rElec Slay+3}
   (You found it on level 6 of the Lair of Beasts)

   It affects your accuracy and damage with ranged weapons and melee attacks
   (+3).
   It insulates you from electricity.
 o - a +0 pair of gloves (worn)
 p - a +1 helmet of intelligence (worn)
 q - a +1 pair of boots of running (worn)
 A - a +0 cloak
 G - the cursed +0 leather armour of Iphogach (worn) {Int+6}
   (You found it on level 10 of the Dungeon)

   It affects your intelligence (+6).
   It has a curse placed upon it.
 O - a +0 buckler (worn)
Jewellery
 E - a +3 ring of dexterity (left hand)
 H - a ring of stealth (right hand)
 M - a +3 ring of strength
 Q - an amulet of magic regeneration (around neck)
Wands
 z - a wand of paralysis (17)
 I - a wand of flame (11)
 J - a wand of random effects (24)
 L - a wand of digging (16)
Scrolls
 b - 3 scrolls of magic mapping
 d - a scroll of noise {unknown}
 e - 9 scrolls of remove curse
 g - 7 scrolls of identify
 h - 5 scrolls of fog
 j - 8 scrolls of amnesia
 m - 4 scrolls of fear
 r - 4 scrolls of enchant weapon {unknown}
 u - 4 scrolls of teleportation
 w - a scroll of immolation {unknown}
 x - 4 scrolls of enchant armour {unknown}
 F - 5 scrolls of silence {unknown}
 K - a scroll of brand weapon {unknown}
 P - a scroll of summoning {unknown}
Potions
 i - 2 potions of agility {unknown}
 l - 3 potions of magic {unknown}
 s - 4 potions of invisibility {unknown}
 t - 4 potions of lignification {unknown}
 B - a potion of ambrosia {unknown}
 C - 2 potions of curing
 D - 2 potions of degeneration {unknown}
 N - a potion of might {unknown}
 R - a potion of berserk rage
Comestibles
 a - 6 chunks of flesh
 c - 47 rations


   Skills:
 + Level 4.8(2.9) Fighting
 - Level 2.1(0.4) Dodging
 - Level 1.7(0.0) Stealth
 - Level 4.0(2.1) Shields
 + Level 11.0(8.8) Spellcasting
 * Level 9.2(7.1) Conjurations
 - Level 11.8(9.6) Summonings
 - Level 15.5(13.1) Ice Magic


You had 23 spell levels left.
You knew the following spells:

 Your Spells              Type           Power        Failure   Level  Hunger
a - Freeze                Ice            ####         1%          1    None
b - Throw Frost           Conj/Ice       ######       1%          2    None
c - Summon Ice Beast      Ice/Summ       ######..     1%          4    None
d - Summon Lightning Spi  Summ/Air       #####...     10%         4    None

Your spell library contained the following spells:

 Spells                   Type           Power        Failure   Level  Hunger
 Iskenderun's Battlesphe  Conj/Chrm      ####....     13%         5    ####...
 Flame Tongue             Conj/Fire      ####.        1%          1    None
 Summon Small Mammal      Summ           ####         1%          1    None
 Call Imp                 Summ           ######..     1%          2    None
 Throw Flame              Conj/Fire      ####..       1%          2    None
 Call Canine Familiar     Summ           ######..     1%          3    None
 Conjure Flame            Conj/Fire      ####....     1%          3    None
 Ozocubu's Armour         Chrm/Ice       ######..     1%          3    None
 Throw Icicle             Conj/Ice       ######..     1%          4    None
 Summon Guardian Golem    Hex/Summ       #####...     3%          3    None
 Sticky Flame             Conj/Fire      ####....     4%          4    None
 Inner Flame              Hex/Fire       ##......     6%          3    None
 Confusing Touch          Hex            ##....       8%          1    None
 Fireball                 Conj/Fire      ####......   13%         5    ####...
 Metabolic Englaciation   Hex/Ice        ######....   14%         5    ####...
 Confuse                  Hex            ##......     22%         3    None
 Gell's Gravitas          Tloc           ##........   22%         3    None
 Yara's Violent Unravell  Hex/Tmut       ##........   45%         5    ####...
 Petrify                  Tmut/Erth      ##......     58%         4    None


Dungeon Overview and Level Annotations

Branches:
Dungeon (12/15)            Temple (1/1) D:6            Lair (6/6) D:11
 Shoals (0/4) Lair:4       Spider (0/4) Lair:4        Slime (0/5) Lair:5
    Orc (0/2) D:9

Altars:
Ashenzari
Cheibriados
Dithmenos
Elyvilon
Fedhas
Gozag
Hepliaklqana
Kikubaaqudgha
Makhleb
Nemelex Xobeh
Okawaru
Qazlal
Ru
Sif Muna
Trog
Uskayaw
Vehumet
Wu Jian
Xom
Yredelemnul
Zin
The Shining One

Shops:
D:5 [?}=

Annotations:
D:5 1 runed translucent door, Enish's ghost, amateur MiBe
D:12 Nergalle


Innate Abilities, Weirdness & Mutations

Shadows flee at your approach. (+LOS)
You can swim through water.
You cover ground slowly.
You can hop long distances.


Message History

* * * LOW HITPOINT WARNING * * *
Something hits you.
* * * LOW HITPOINT WARNING * * *
As you read the scroll of fear, it crumbles to dust.
You assume a fearsome visage.
The spectral orc warrior is unaffected. x2
You block something's attack. Something hits you!
* * * LOW HITPOINT WARNING * * *
You feel better. Something hits you.
* * * LOW HITPOINT WARNING * * *
Something hits you but does no damage.
You feel better. You block something's attack.
You feel better. The spectral orc warrior misses you. Something hits you!
* * * LOW HITPOINT WARNING * * *
Something hits you!
* * * LOW HITPOINT WARNING * * *
Something hits you but does no damage. Something hits you!
You die...

#.#.......##..Y..Y.Y..##
#.#.##..#.##..#######..#
#.#.......##..# ##.. ....
#.#..#.<......# ##. #...#
#.#..#.##.##### #. #...#
##......##.# #.# #...#
#......###.######## #.#
#...# #.##..............#
#.#
#...#####.......@#........#
##
...........##.............#
.................#........#
...............Z.##.......#
.
#...######.##.#..##.......#
#. #...# #.....Z..........#
#. #...# ####..>.÷[.#######
# #...# #Z####### #÷..#
#####.##


You could see 3 spectral orc warriors.

Vanquished Creatures
  A fire dragon (Lair:6)
  An unseen horror (D:10)
  A swamp dragon (Lair:6)
  An elephant (Lair:2)
  A hornet (D:9)
  A human (D:9)
  A warg (Lair:6)
  2 orc warriors (D:9)
  An ice beast (D:10)
  A sky beast (D:5)
  A crocodile (Lair:1)
  5 bullfrogs
  2 scorpions
  Dowan (D:7)
  2 wights (D:8)
  A howler monkey (D:4)
  A quasit (D:5)
  A hound (D:5)
  4 orc wizards
  2 orc priests
  A bullfrog skeleton (D:5)
  A centaur skeleton (D:8)
  4 worker ants
  A hound skeleton (D:4)
  3 gnolls (D:5)
  8 adders
  2 adder skeletons (D:5)
  3 dart slugs
  3 leopard geckos
  18 orcs
  9 bats
  4 giant cockroaches
  8 goblins
  3 hobgoblins
  8 jackals
  2 quokkas
  2 frilled lizards
  12 kobolds
  7 rats
130 creatures vanquished.

Vanquished Creatures (collateral kills)
  Rupert (Lair:3)
  Nessos (Lair:5)
  7 hydras
  A two-headed ogre (D:11)
  A catoblepas (Lair:3)
  Pikel (D:9)
  2 manticores (D:11)
  2 black mambas (Lair:6)
  Maurice (D:8)
  8 elephants
  14 spiny frogs
  A torpor snail (Lair:4)
  5 rime drakes
  2 ice devils (Lair:3)
  7 komodo dragons
  3 trolls
  10 polar bears
  A hornet (Lair:4)
  2 slime creatures
  10 blink frogs
  6 dream sheep
  6 hippogriffs
  A redback (Lair:4)
  A spriggan (Lair:4)
  29 yaks
  A wyvern (Lair:4)
  2 basilisks (Lair:2)
  A wraith (D:11)
  3 steam dragons
  A hungry ghost (D:12)
  Menkaure (D:7)
  3 wargs (Lair:6)
  17 hell hounds (Lair:6)
  Duvessa (D:7)
  An acid dragon (Lair:6)
  9 water moccasins
  10 porcupines
  2 swamp drakes (Lair:6)
  3 sky beasts
  2 ice beasts (D:10)
  4 orc warriors
  A slave (D:9)
  13 black bears
  2 necrophages
  5 ogres
  2 phantoms (D:9)
  21 wolves
  An eye of draining (D:8)
  12 crocodiles
  4 centaurs
  2 big kobolds
  11 bullfrogs
  A wyvern zombie (D:10)
  A scorpion (D:11)
  3 killer bees (D:8)
  3 wights (D:8)
  An electric eel (D:9)
  2 crimson imps
  A quasit (D:7)
  A centaur skeleton (D:6)
  5 orc priests
  A bullfrog skeleton (D:7)
  6 jellies
  6 worker ants
  5 orc wizards
  A hound skeleton (D:8)
  2 adders
  2 shadow imps
  An adder zombie (D:8)
  2 leopard geckos
  27 orcs
  A goblin (D:6)
  2 hobgoblins (D:6)
  12 kobolds
  A quokka (D:6)
  A leopard gecko skeleton (D:6)
  A spectral orc (D:9)
  3 fungi
  A plant (Lair:6)
351 creatures vanquished.

Vanquished Creatures (others)
  An orc (D:9)
  18 plants (Lair:6)
19 creatures vanquished.

Grand Total: 500 creatures vanquished

Notes
Turn   | Place    | Note
-------+----------+-------------------------------------------
     0 | D:1      | Laan the Barachi Ice Elementalist began the quest for the
                  | Orb.
     0 | D:1      | Reached XP level 1. HP: 13/13 MP: 3/3
   229 | D:1      | Reached skill level 1 in Fighting
   281 | D:1      | Reached XP level 2. HP: 21/21 MP: 3/5
   439 | D:1      | Reached skill level 4 in Ice Magic
   925 | D:1      | Reached XP level 3. HP: 21/27 MP: 0/6
  1523 | D:2      | Learned a level 2 spell: Throw Frost
  1996 | D:2      | Reached XP level 4. HP: 34/34 MP: 4/7
  2214 | D:3      | Reached skill level 5 in Ice Magic
  2750 | D:3      | Identified a +1 pair of boots of running (You found it on
                  | level 3 of the Dungeon)
  3088 | D:3      | Reached XP level 5. HP: 40/40 MP: 6/9
  3094 | D:3      | Learned a level 4 spell: Summon Ice Beast
  3381 | D:4      | Reached skill level 1 in Summonings
  4149 | D:4      | Reached XP level 6. HP: 46/46 MP: 0/10
  4258 | D:5      | Entered Level 5 of the Dungeon
  4306 | D:5      | Reached skill level 6 in Ice Magic
  4825 | D:5      | Found Etiem's Armour Emporium.
  4842 | D:5      | Noticed a sky beast
  4944 | D:5      | Killed a sky beast
  4944 | D:5      | Reached skill level 5 in Summonings
  4944 | D:5      | Reached XP level 7. HP: 43/51 MP: 5/11
  5079 | D:5      | Bought a +1 helmet of intelligence for 165 gold pieces
  5094 | D:5      | Found Nujepn's Gadget Boutique.
  5110 | D:5      | Found Plog's Magic Scroll Emporium.
  5142 | D:5      | Bought a scroll of teleportation for 45 gold pieces
  5142 | D:5      | Bought a scroll of random uselessness for 15 gold pieces
  5163 | D:5      | Found Meinn's Jewellery Emporium.
  5189 | D:5      | Bought a cursed amulet of inaccuracy for 22 gold pieces
  5201 | D:5      | Found a runed translucent door.
  5203 | D:5      | Noticed Enish's ghost (amateur MiBe)
  5452 | D:5      | Found a shattered altar of Ashenzari.
  5829 | D:5      | Reached skill level 7 in Ice Magic
  6395 | D:6      | Found a staircase to the Ecumenical Temple.
  6481 | Temple   | Entered the Ecumenical Temple
  6538 | Temple   | Became a worshipper of Vehumet
  6583 | D:6      | Got a scorched falchion
  6597 | D:6      | Identified the +9 falchion of Pandemonium {freeze, rElec
                  | MR+++ Int-5 SInv} (You found it on level 6 of the Dungeon)
  6636 | D:6      | Reached XP level 8. HP: 57/57 MP: 5/13
  7296 | D:6      | Found an iron altar of Okawaru.
  7385 | D:7      | Reached skill level 8 in Ice Magic
  7430 | D:7      | Reached * piety under Vehumet
  7430 | D:7      | Offered knowledge of Magic Dart by Vehumet.
  7580 | D:7      | Noticed Duvessa
  7580 | D:7      | Noticed Dowan
  7610 | D:7      | Killed Duvessa
  7612 | D:7      | Killed Dowan
  7792 | D:7      | Noticed Menkaure
  7803 | D:7      | Killed Menkaure
  8556 | D:8      | Found a sacrificial altar of Ru.
  8568 | D:8      | Noticed Maurice
  9024 | D:8      | Reached skill level 9 in Ice Magic
  9287 | D:8      | Reached ** piety under Vehumet
  9287 | D:8      | Offered knowledge of Sandblast by Vehumet.
  9291 | D:8      | Reached XP level 9. HP: 62/62 MP: 12/16
  9312 | D:8      | Reached skill level 5 in Spellcasting
  9340 | D:8      | Found a snail-covered altar of Cheibriados.
  9340 | D:8      | Found a hazy altar of Hepliaklqana.
  9677 | D:8      | Killed Maurice
  9677 | D:8      | Reached skill level 10 in Ice Magic
 10451 | D:9      | Noticed a hornet
 10461 | D:9      | Killed a hornet
 10779 | D:9      | Reached skill level 11 in Ice Magic
 10867 | D:9      | Offered knowledge of Ignite Poison by Vehumet.
 11108 | D:9      | Noticed a troll
 11116 | D:9      | Killed a troll
 11252 | D:9      | Reached XP level 10. HP: 55/69 MP: 16/19
 11325 | D:9      | Noticed Pikel
 11336 | D:9      | Killed Pikel
 11564 | D:9      | Reached *** piety under Vehumet
 11665 | D:9      | Reached skill level 12 in Ice Magic
 11994 | D:9      | Found a staircase to the Orcish Mines.
 12293 | D:9      | Found a basalt altar of Yredelemnul.
 12725 | D:10     | Entered Level 10 of the Dungeon
 12887 | D:10     | Got an ichor-stained leather armour
 12888 | D:10     | Identified the cursed +0 leather armour of Iphogach {Int+6}
                  | (You found it on level 10 of the Dungeon)
 12904 | D:10     | Learned a level 4 spell: Summon Lightning Spire
 13647 | D:10     | Killed an unseen horror
 13723 | D:11     | Noticed a manticore
 13730 | D:11     | Killed a manticore
 13772 | D:11     | Noticed a manticore
 13779 | D:11     | Killed a manticore
 13779 | D:11     | Reached skill level 13 in Ice Magic
 13791 | D:11     | Offered knowledge of Airstrike by Vehumet.
 14073 | D:11     | Reached skill level 10 in Summonings
 14216 | D:11     | Found a staircase to the Lair.
 14654 | D:11     | Reached **** piety under Vehumet
 14768 | D:11     | Noticed a two-headed ogre
 14779 | D:11     | Killed a two-headed ogre
 15090 | Lair:1   | Entered Level 1 of the Lair of Beasts
 15100 | Lair:1   | Reached XP level 11. HP: 74/74 MP: 17/22
 15146 | Lair:1   | Noticed a seven-headed hydra
 15153 | Lair:1   | Killed a seven-headed hydra
 15306 | Lair:1   | Offered knowledge of Mephitic Cloud by Vehumet.
 15561 | Lair:1   | Noticed a five-headed hydra
 15573 | Lair:1   | Killed a five-headed hydra
 15573 | Lair:1   | Reached skill level 14 in Ice Magic
 16064 | Lair:1   | Noticed a four-headed hydra
 16072 | Lair:1   | Killed a four-headed hydra
 17496 | Lair:3   | You fall through a shaft for 3 floors!
 17496 | Lair:6   | Entered Level 6 of the Lair of Beasts
 17506 | Lair:6   | Noticed a swamp dragon
 17509 | Lair:6   | Noticed a fire dragon
 17639 | Lair:6   | Noticed an eight-headed hydra
 17653 | Lair:6   | Killed an eight-headed hydra
 17922 | Lair:6   | Reached skill level 15 in Ice Magic
 18003 | Lair:6   | Reached ***** piety under Vehumet
 18003 | Lair:6   | Offered knowledge of Iskenderun's Battlesphere by Vehumet.
 18480 | Lair:3   | Noticed Rupert
 18508 | Lair:3   | Killed Rupert
 18508 | Lair:3   | Reached XP level 12. HP: 80/80 MP: 2/25
 19066 | Lair:3   | Noticed a catoblepas
 19079 | Lair:3   | Killed a catoblepas
 19754 | Lair:4   | Found a hole to the Spider Nest.
 20215 | Lair:4   | Noticed a seven-headed hydra
 20228 | Lair:4   | Killed a seven-headed hydra
 20555 | Lair:4   | Found a staircase to the Shoals.
 21055 | Lair:4   | Reached skill level 10 in Spellcasting
 21397 | Lair:5   | Reached skill level 1 in Shields
 21509 | Lair:5   | Reached skill level 5 in Conjurations
 21557 | Lair:5   | Noticed Nessos
 21571 | Lair:5   | Killed Nessos
 22101 | Lair:5   | Found a staircase to the Slime Pits.
 23172 | Lair:6   | Noticed a seven-headed hydra
 23180 | Lair:6   | Killed a seven-headed hydra
 23347 | Lair:6   | Gained mutation: You can hop long distances. [Barachi
                  | growth]
 23347 | Lair:6   | Reached XP level 13. HP: 90/90 MP: 10/27
 24928 | Lair:6   | Got a transparent helmet
 24929 | Lair:6   | Identified the +0 helmet "Mosakot" {rElec Slay+3} (You
                  | found it on level 6 of the Lair of Beasts)
 25494 | Lair:6   | HP: 1/90 [fire dragon/blast of flame (50)]
 25811 | Lair:6   | Killed a fire dragon
 26494 | D:12     | Noticed Nergalle
 26531 | D:12     | HP: 2/90 [something (9)]
 26541 | D:12     | Slain by an unseen horror

Skill      XL: |  1  2  3  4  5  6  7  8  9 10 11 12 13 |
---------------+----------------------------------------+-----
Fighting       | 1 2 4 |  4.8
Ice Magic      | 4 5 6 7 9 11 13 15 | 15.5
Summonings     | 3 5 6 7 8 10 11 | 11.8
Spellcasting   | 3 4 6 7 9 10 11 | 11.0
Conjurations   | 7 9 |  9.2
Shields        | 4 |  4.0
Dodging        | |  2.1
Stealth        | |  1.7

Action                   |  1- 3 |  4- 6 |  7- 9 | 10-12 | 13-15 || total
-------------------------+-------+-------+-------+-------+-------++-------
Melee: Spear             |     2 |       |       |       |       ||     2
       Dagger            |       |    57 |    31 |       |       ||    88
       Short sword       |       |       |   156 |    79 |    18 ||   253
 Cast: Freeze            |    52 |    79 |    44 |     2 |       ||   177
       Throw Frost       |       |    13 |     5 |       |    16 ||    34
       Summon Ice Beast  |       |       |    72 |   246 |    82 ||   400
       Summon Lightning  |       |       |       |    60 |    32 ||    92
Evoke: Wand              |       |       |       |     5 |     6 ||    11
  Use: Scroll            |       |     5 |     2 |     6 |     5 ||    18
       Potion            |       |     1 |     6 |       |     6 ||    13
 Stab: Sleeping          |     1 |     1 |     2 |       |       ||     4
  Eat: Chunk             |     4 |    11 |    24 |    39 |     2 ||    80
       Ration            |       |       |     2 |     1 |     2 ||     5
Armor: Robe              |     4 |    45 |    61 |       |       ||   110
       Quicksilver drago |       |       |    52 |    28 |       ||    80
       Leather armour    |       |       |       |    23 |    37 ||    60
Dodge: Dodged            |    42 |    85 |   163 |    69 |    35 ||   394
Block: Buckler           |       |       |       |     1 |    18 ||    19
